 Dungeon Crawl Stone Soup version 0.28.0-47-ge53b351184 (webtiles) character file.

Game seed: 14652285274173414159

115 Exodus22XD the Magician (level 4, 0/24 HPs)
             Began as a Deep Elf Conjurer on Apr 29, 2022.
             Was a Believer of Sif Muna.
             Slain by an ogre
             ... wielding a +0 giant club
              (24 damage)
             ... on level 3 of the Dungeon.
             The game lasted 00:04:39 (2908 turns).

Exodus22XD the Magician (Deep Elf Conjurer)         Turns: 2908, Time: 00:04:39

Health: 0/24       AC:  8    Str:  4    XL:     4   Next: 68%
Magic:  9/14       EV: 12    Int: 25    God:    Sif Muna [**....]
Gold:   118        SH:  0    Dex: 13    Spells: 13/16 levels left

rFire   . . .      SeeInvis .   u - +1 dagger (venom)
rCold   . . .      Faith    .   (no shield)
rNeg    . . .      Spirit   .   a - +0 robe
rPois   .          Reflect  .   l - +0 helmet
rElec   .          Harm     .   r - +2 cloak
rCorr   .          Rampage  .   s - +0 pair of gloves
Will    .....                   o - +0 pair of boots
Stlth   ++........              (no amulet)
HPRegen 0.08/turn               (no ring)
MPRegen 0.14/turn               (no ring)

@: no status effects
A: no striking features
a: Renounce Religion, Channel Magic


You were on level 3 of the Dungeon.
You worshipped Sif Muna.
Sif Muna was pleased with you.
You visited 1 branch of the dungeon, and saw 3 of its levels.

You collected 118 gold pieces.

Inventory:

Hand Weapons
 u - a +1 dagger of venom (weapon)
Armour
 a - a +0 robe (worn)
 l - a +0 helmet (worn)
 o - a +0 pair of boots (worn)
 r - a +2 cloak (worn)
 s - a +0 pair of gloves (worn)
Wands
 h - a wand of polymorph (31)
 p - a wand of paralysis (2)
Scrolls
 b - a scroll of identify {unknown}
 c - a scroll of vulnerability {unknown}
 d - a scroll of brand weapon {unknown}
 i - a scroll of noise {unknown}
 j - a scroll of amnesia {unknown}
 n - a scroll of teleportation {unknown}
 q - a scroll of fear {unknown}
Potions
 e - a potion of heal wounds {unknown}
 g - a potion of attraction {unknown}
 k - a potion of brilliance {unknown}
 m - 2 potions of might {unknown}
 t - a potion of lignification {unknown}


   Skills:
 - Level 2.4 Dodging
 - Level 2.4 Stealth
 + Level 6.7 Spellcasting
 - Level 4.3 Conjurations


You had 13 spell levels left.
You knew the following spells:

 Your Spells              Type           Power      Damage    Failure   Level
a - Magic Dart            Conj           100%       1d8       1%          1
b - Searing Ray           Conj           60%        2d6       1%          2

Your spell library contained the following spells:

 Spells                   Type           Power      Damage    Failure   Level
 Dazzling Flash           Conj/Hex       38%        N/A       9%          3
 Fulminant Prism          Conj/Hex       9%         3d7       28%         4
 Iskenderun's Mystic Bla  Conj/Tloc      19%        2d6       28%         4


Dungeon Overview and Level Annotations

Branches:
Dungeon (3/15)

Altars:
Ru
Sif Muna

Shops:
D:3 =


Message History

Casting: Magic Dart (safe; 1% risk of failure)
Confirm with . or Enter, or press ? or * to list all spells.
Aiming: Magic Dart (safe; 1% risk of failure)
Press: ? - help, Shift-Dir - straight line, f/p - kobold
Aim: a kobold, wielding a +0 short sword and quivering stones (severely wounded, 100% to hit)
The magic dart hits the kobold.
You kill the kobold!
Sif Muna accepts your kill.
HP restored.
There is a stone staircase leading up here.
Things that are here:
a +0 short sword; 4 stones; a kobold corpse
Things that are here:
a +0 dagger; a kobold corpse
Things that are here:
a +0 short sword; a kobold corpse
Things that are here:
a +0 dagger; a kobold corpse You see here a +0 hand axe.
You see here a +0 hand axe.
An ogre comes into view. It is wielding a +0 giant club.
Casting: Magic Dart (safe; 1% risk of failure)
Confirm with . or Enter, or press ? or * to list all spells.
Aiming: Searing Ray (safe; 1% risk of failure)
Press: ? - help, Shift-Dir - straight line, f - ogre
Aim: an ogre, wielding a +0 giant club (asleep, 100% to hit)
The searing ray hits the ogre!
The ogre is moderately wounded.
The ogre shouts! (Press . to maintain the ray.)
The searing ray misses the ogre.
The searing ray hits the ogre!
The ogre is heavily wounded.
The ogre closely misses you.
The searing ray hits the ogre.
The ogre is severely wounded.
You finish channelling your searing ray.
The ogre hits you with a +0 giant club!!
Ouch! That really hurt!
You die...

###########
######.........#
....##.#######.#
..#.##.## #.#
........# #.####
..#..##.# #..@.#
.....##.# ####O#
..##.##.# .#
####.##.. .#
####.#### .#
.....# .# ######
.# ### .# ).#


You could see an ogre.

Vanquished Creatures
  Terence (D:2)
  An adder (D:2)
  2 worms (D:2)
  2 dart slugs
  8 orcs (D:3)
  2 ball pythons
  3 endoplasms
  2 giant cockroaches (D:2)
  8 hobgoblins
  2 jackals (D:1)
  2 quokkas
  4 bats
  A frilled lizard (D:3)
  10 goblins
  6 kobolds
  4 rats
58 creatures vanquished.

Notes
Turn   | Place    | Note
-------+----------+-------------------------------------------
     0 | D:1      | Exodus22XD the Deep Elf Conjurer began the quest for the
                  | Orb.
     0 | D:1      | Reached XP level 1. HP: 10/10 MP: 6/6
   279 | D:1      | Reached skill level 4 in Spellcasting
   279 | D:1      | Reached XP level 2. HP: 15/15 MP: 6/9
   282 | D:1      | Learned a level 2 spell: Searing Ray
   321 | D:1      | Found a faded altar of an unknown god.
   338 | D:1      | Prayed at the altar of an unknown god.
   338 | D:1      | Became a worshipper of Sif Muna the Loreminder
   338 | D:1      | Reached * piety under Sif Muna
  1164 | D:2      | Reached XP level 3. HP: 17/19 MP: 7/11
  1177 | D:2      | Reached skill level 5 in Spellcasting
  1252 | D:2      | Noticed Terence
  1265 | D:2      | Killed Terence
  1427 | D:2      | Reached XP level 4. HP: 24/24 MP: 6/13
  1486 | D:2      | Reached skill level 6 in Spellcasting
  1736 | D:2      | Found a sacrificial altar of Ru.
  2243 | D:3      | Paralysed by an orc for 5 turns
  2394 | D:3      | Found Pineh's Jewellery Emporium.
  2792 | D:3      | Reached ** piety under Sif Muna
  2904 | D:3      | Noticed an ogre
  2908 | D:3      | Slain by an ogre

Illustrated notes

Levels and vault maps discovered:
D:1:      elethiomel_arrival_infinity_welcomes_careful_drivers, layout_basic,
          dreamdust_ecumenical_altar_statues
D:2:      layout_basic, basic_altar, uniq_terence
D:3:      kennysheep_the_goblin_king, layout_loops_ring, serial_shops, shop

Skill      XL: |  1  2  3  4 |
---------------+-------------+-----
Spellcasting   | 4 5 6 |  6.7
Dodging        | |  2.4
Stealth        | |  2.4
Conjurations   | |  4.3

Action                   |  1- 3 |  4- 6 || total
-------------------------+-------+-------++-------
 Cast: Magic Dart        |    53 |    68 ||   121
       Searing Ray       |     3 |     1 ||     4
Armor: Robe              |     2 |     1 ||     3
Dodge: Dodged            |     2 |     6 ||     8
